 Dungeon Crawl Stone Soup version 0.20.1-1-g8b1a95d (webtiles) character file.

1367 equalderp2856 the Cleaver (level 8, -1/69 HPs)
             Began as a Minotaur Fighter on Oct 21, 2017.
             Slain by an orc warrior
             ... wielding a +0 war axe
              (11 damage)
             ... on level 6 of the Dungeon.
             The game lasted 00:05:34 (4606 turns).

equalderp2856 the Cleaver (Minotaur Fighter)        Turns: 4606, Time: 00:05:35

Health: -1/69      AC: 11    Str: 21    XL:     8   Next: 38%
Magic:  7/7        EV:  9    Int:  5    God:
Gold:   251        SH: 10    Dex: 12    Spells: 7/7 levels left

rFire    . . .     SeeInvis .   a - +0 war axe
rCold    . . .     Gourm    .   c - +0 shield
rNeg     . . .     Faith    .   b - +0 scale mail
rPois    .         Spirit   .   q - +1 hat
rElec    .         Reflect  .   (no cloak)
rCorr    .         Harm     .   s - +0 pair of gloves
MR       .....                  r - +0 pair of boots
Stlth    ..........             (no amulet)
Regen    0.3/turn               (no ring)
MPRegen  0.1/turn               (no ring)

@: starving
A: retaliatory headbutt, horns 2
a: no special abilities


You were on level 6 of the Dungeon.
You were starving.

You visited 1 branch of the dungeon, and saw 7 of its levels.

You collected 251 gold pieces.

Inventory:

Hand Weapons
 a - a +0 war axe (weapon)
Armour
 b - a +0 scale mail (worn)
 c - a +0 shield (worn)
 q - a +1 hat (worn)
 r - a +0 pair of boots (worn)
 s - a +0 pair of gloves (worn)
Jewellery
 t - an uncursed ring of magical power {unknown}
 B - a +4 ring of protection {unknown}
Wands
 x - a wand of iceblast (0/15)
 y - a wand of iceblast (8/15)
Scrolls
 g - a scroll of amnesia {unknown}
 h - 4 scrolls of remove curse {unknown}
 k - 3 scrolls of identify {unknown}
 m - a scroll of enchant armour {unknown}
 n - a scroll of teleportation {unknown}
 p - a scroll of magic mapping {unknown}
 u - a scroll of enchant weapon {unknown}
 E - a scroll of immolation {unknown}
 G - a scroll of random uselessness {unknown}
Potions
 d - 2 potions of might
 e - a potion of magic {unknown}
 j - 2 potions of curing {unknown}
 l - a potion of invisibility {unknown}
 o - 2 potions of lignification {unknown}
 v - a potion of degeneration {unknown}
 w - a potion of brilliance {unknown}
 A - a potion of haste {unknown}
 C - a potion of cancellation {unknown}
 D - a potion of mutation {unknown}
 F - a potion of flight {unknown}
 I - a potion of heal wounds {unknown}
Comestibles
 f - 7 bread rations
 i - a royal jelly
 z - 3 meat rations


   Skills:
 + Level 5.6 Fighting
 + Level 8.5 Axes
 + Level 6.4 Armour
 + Level 2.8 Dodging
 + Level 1.1 Stealth
 + Level 5.9 Shields
 + Level 0.3 Evocations


You had 7 spell levels left.
You didn't know any spells.

Dungeon Overview and Level Annotations

Branches:
Dungeon (7/15)             Temple (0/1) D:4

Altars:
Okawaru
Xom

Annotations:
D:3 Eustachio
D:6 Prince Ribbit


Innate Abilities, Weirdness & Mutations

You reflexively headbutt those who attack you in melee.
You have a pair of horns on your head.


Message History

You headbutt the orc priest, but do no damage.
The orc priest is heavily wounded.
You slash the orc warrior! You closely miss the orc.
The orc hits you but does no damage. Space bends around you.
The orc warrior hits you with a war axe.
* * * LOW HITPOINT WARNING * * *
The orc priest closely misses you.
Unknown command.
You slash the orc priest!
You kill the orc priest!
You closely miss the orc. You closely miss the orc warrior.
You block the orc's attack.
Unknown command.
The orc warrior hits you with a war axe!
* * * LOW HITPOINT WARNING * * *
Unknown command.
Items here: )) รทรท a flail; a war axe; an orc skeleton x2
The orc warrior hits you with a war axe!
You die...

........## #..##..###.#####....##
.##.......##..#...##>.# #.....#
..#....##..#.....[#...## ##.##..
.......# #............## #.# ##.
#......# ##.............##. ##.
#......#####......##..###..# ##..
#...###...##.......##.## #.###...
....# #.............#..###.....#.
..#.###.........@o...#........###
.###............##o.........#.#..
.#..#####.#.....###....####......
.....###.####..)###...## #####..
####...##.# ##.).##....## ##.
####..##..# ##..#..####.### ##
.....###.####.###### ##..# #.
####..#### #.## ##.# ## #### ###
###


You could see an orc warrior and an orc.

Vanquished Creatures
  A spriggan (D:7)
  A sky beast (D:7)
  A black bear (D:7)
  2 ogres
  A centaur (D:5)
  2 bullfrogs (D:7)
  A scorpion (D:4)
  2 howler monkeys (D:7)
  A crimson imp (D:5)
  A bullfrog zombie (D:5)
  An orc priest (D:6)
  A hound (D:5)
  A jelly (D:6)
  3 orc wizards (D:4)
  Ijyb (D:4)
  A bullfrog skeleton (D:5)
  An iguana (D:4)
  3 worker ants
  A gnoll (D:1)
  2 adders
  A shadow imp (D:5)
  3 oozes
  2 worms
  2 leopard geckos
  17 orcs
  A ball python (D:4)
  3 giant cockroaches (D:1)
  9 goblins
  4 hobgoblins
  9 kobolds
  A quokka (D:7)
  8 bats
  4 rats
92 creatures vanquished.

Vanquished Creatures (others)
  7 toadstools (D:2)
7 creatures vanquished.

Grand Total: 99 creatures vanquished

Notes
Turn   | Place    | Note
-------+----------+-------------------------------------------
     0 | D:1      | equalderp2856 the Minotaur Fighter began the quest for the Orb.
     0 | D:1      | Reached XP level 1. HP: 19/19 MP: 0/0
   150 | D:1      | Reached XP level 2. HP: 27/27 MP: 1/1
   257 | D:1      | Reached XP level 3. HP: 33/33 MP: 2/2
   960 | D:2      | Found a shimmering altar of Xom.
   961 | D:2      | Found a shimmering altar of Xom.
   968 | D:2      | Found a shimmering altar of Xom.
   968 | D:2      | Found a shimmering altar of Xom.
  1144 | D:3      | You fall through a shaft!
  1147 | D:4      | Noticed a scorpion
  1148 | D:4      | Noticed Eustachio
  1155 | D:4      | Reached skill level 3 in Axes
  1161 | D:4      | Killed a scorpion
  1161 | D:4      | Reached skill level 1 in Dodging
  1161 | D:4      | Reached XP level 4. HP: 25/41 MP: 3/3
  1720 | D:4      | Found a staircase to the Ecumenical Temple.
  1773 | D:4      | Noticed an ogre
  1783 | D:4      | Reached XP level 5. HP: 40/47 MP: 4/4
  1788 | D:4      | Killed an ogre
  1788 | D:4      | Reached skill level 4 in Axes
  1788 | D:4      | Reached skill level 5 in Armour
  2169 | D:4      | Reached XP level 6. HP: 45/53 MP: 5/5
  2243 | D:4      | Noticed Ijyb
  2252 | D:4      | Killed Ijyb
  2252 | D:4      | Reached skill level 5 in Axes
  2588 | D:3      | Found an iron altar of Okawaru.
  3155 | D:5      | Entered Level 5 of the Dungeon
  3323 | D:5      | Reached skill level 6 in Axes
  3323 | D:5      | Reached XP level 7. HP: 60/60 MP: 6/6
  3406 | D:5      | Reached skill level 1 in Stealth
  3458 | D:5      | Reached skill level 5 in Shields
  3548 | D:5      | Reached skill level 5 in Fighting
  3981 | D:6      | Noticed Prince Ribbit
  4075 | D:7      | Reached skill level 7 in Axes
  4083 | D:7      | Noticed a spriggan baker
  4088 | D:7      | Killed a spriggan baker
  4088 | D:7      | Reached XP level 8. HP: 25/68 MP: 7/7
  4310 | D:7      | Reached skill level 8 in Axes
  4576 | D:6      | HP: 3/69 [orc warrior/war axe (17)]
  4606 | D:6      | Slain by an orc warrior

Skill      XL: |  1  2  3  4  5  6  7  8 |
---------------+-------------------------+-----
Fighting       | 4 5 |  5.6
Armour         | 4 5 6 |  6.4
Shields        | 4 5 |  5.9
Axes           | 3 4 6 7 8 |  8.5
Dodging        | 1 2 |  2.8
Stealth        | 1 |  1.1
Evocations     | |  0.3

Action                   |  1- 3 |  4- 6 |  7- 9 || total
-------------------------+-------+-------+-------++-------
Melee: War axe           |    90 |   107 |    95 ||   292
       Headbutt          |    12 |    19 |    22 ||    53
Evoke: Wand              |       |       |     2 ||     2
  Eat: Chunk             |       |     5 |     4 ||     9
       Fruit             |       |     1 |       ||     1
Armor: Scale mail        |    40 |    58 |    42 ||   140
Dodge: Dodged            |    29 |    30 |    30 ||    89
Block: Shield            |    50 |    59 |    47 ||   156
